[Event "Nakhchivan Open 2024"]
[Site "Nakhchivan"]
[Date "2024.01.10"]
[Round "1.1"]
[White "Mahmudov, Ilham"]
[Black "Gasimov, Parviz"]
[Result "0-1"]
[ECO "A46"]
[WhiteElo "1226"]
[BlackElo "2362"]
[Annotator "RC"]
[PlyCount "66"]
[EventDate "2024.01.11"]
[EventType "swiss"]
[EventCountry "AZE"]
[SourceTitle "playchess.com"]
[Source "ChessBase"]
[SourceQuality "1"]
[TimeControl "5400+30"]

1. d4 Nf6 2. Nf3 e6 3. e3 c5 4. b3 d5 5. Bb2 Nc6 6. Nbd2 Bd6 7. Ne5 Qb6 8. Nxc6 bxc6 9. c4 cxd4 10. exd4 Qc7 11. Nf3 Bb4+ 12. Nd2 Ne4 13. Bc1 Bc3 14. cxd5 Nxd2 15. Bxd2 Bxa1 16. Qxa1 cxd5 17. Bb5+ Bd7 18. Bxd7+ Qxd7 19. Bb4 Qb5 20. Qc3 a5 21. Ba3 a4 22. Bc5 axb3 23. axb3 Ra2 24. Qe3 Ra1+ 25. Kd2 Qa5+ 26. Ke2 Rxh1 27. Qg5 Qe1+ 28. Kf3 Qe4+ 29. Kg3 Qg6 30. Qxg6 hxg6 31. b4 g5 32. b5 f5 33. b6 Kd7 0-1

[Event "Nakhchivan Open 2024"]
[Site "Nakhchivan"]
[Date "2024.01.10"]
[Round "1.2"]
[White "Hasanzade, Toghrul"]
[Black "Bunyadov, Ahmad"]
[Result "1-0"]
[ECO "A05"]
[WhiteElo "2329"]
[BlackElo "1243"]
[Annotator "RC"]
[PlyCount "75"]
[EventDate "2024.01.11"]
[EventType "swiss"]
[EventCountry "AZE"]
[SourceTitle "playchess.com"]
[Source "ChessBase"]
[SourceQuality "1"]
[TimeControl "5400+30"]

1. Nf3 Nf6 2. g3 g6 3. Bg2 Bg7 4. O-O O-O 5. d4 e6 6. c4 b6 7. Ne5 d5 8. Nc3 c6 9. e4 Bb7 10. Be3 a6 11. b3 Ra7 12. Qe2 Qe7 13. Bg5 Qb4 14. Rac1 b5 15. Nd3 Qa5 16. Nc5 Ba8 17. Rfd1 Qb6 18. cxd5 exd5 19. Bxf6 Bxf6 20. exd5 Bxd4 21. Rxd4 Qxc5 22. Rdd1 Qb6 23. dxc6 Nxc6 24. Nd5 Nd4 25. Qe3 Bxd5 26. Bxd5 Rd8 27. Qxd4 Qxd4 28. Rxd4 Rad7 29. Rcd1 Kg7 30. f4 Kf6 31. Kf2 g5 32. R4d3 h6 33. Be4 Rxd3 34. Rxd3 Rxd3 35. Bxd3 Ke6 36. Ke3 f6 37. Kd4 Kd6 38. b4 1-0

[Event "Nakhchivan Open 2024"]
[Site "Nakhchivan"]
[Date "2024.01.10"]
[Round "1.3"]
[White "Mustafayev, Habib"]
[Black "Kul, Ozdemir Efe"]
[Result "0-1"]
[ECO "B06"]
[WhiteElo "1237"]
[BlackElo "2223"]
[Annotator "TA"]
[PlyCount "84"]
[EventDate "2024.01.11"]
[EventType "swiss"]
[EventCountry "AZE"]
[SourceTitle "playchess.com"]
[Source "ChessBase"]
[SourceQuality "1"]
[TimeControl "5400+30"]

1. e4 d6 2. d4 g6 3. Nc3 Bg7 4. Be3 a6 5. Nf3 e6 6. Bc4 Nd7 7. O-O h6 8. Qe2 Ne7 9. a3 O-O 10. Qd2 Kh7 11. Rab1 b5 12. Bd3 Bb7 13. Ne2 c5 14. c3 Qc7 15. Rbc1 Nf6 16. Ng3 c4 17. Bb1 e5 18. d5 Nd7 19. Nh4 Nc5 20. Bc2 Bf6 21. Nf3 Ng8 22. h4 Bc8 23. h5 Bg4 24. hxg6+ fxg6 25. Nh2 Bd7 26. f3 Bh4 27. Ne2 Rae8 28. g3 Bd8 29. Kg2 Qc8 30. Rh1 Bh3+ 31. Kf2 Bb6 32. Ng1 Nf6 33. Ke2 Bg2 34. Bxh6 Bxh1 35. Bxf8 Rxf8 36. Qg5 Kg7 37. Rf1 Nd3 38. Kd2 Bg2 39. Rb1 Bxf3 40. Bxd3 cxd3 41. Re1 Be2 42. Nxe2 Nxe4+ 0-1

[Event "Nakhchivan Open 2024"]
[Site "Nakhchivan"]
[Date "2024.01.10"]
[Round "1.4"]
[White "Mamedjarova, Zeinab"]
[Black "Baylarli, Mustafa"]
[Result "1-0"]
[ECO "D71"]
[WhiteElo "2173"]
[BlackElo "1232"]
[Annotator "TA"]
[PlyCount "59"]
[EventDate "2024.01.11"]
[EventType "swiss"]
[EventCountry "AZE"]
[SourceTitle "playchess.com"]
[Source "ChessBase"]
[SourceQuality "1"]
[TimeControl "5400+30"]

1. d4 Nf6 2. c4 g6 3. g3 Bg7 4. Bg2 O-O 5. Nf3 d6 6. O-O Bf5 7. Nc3 Nbd7 {[%emt 0:00:41] E60: King's Indian: Unusual lines and Fianchetto Variation without Nc3.} (7... c6 $11 {remains equal.}) 8. Nh4 $16 c6 9. e4 {[%emt 0:00:58] White is more active.} Be6 {[%emt 0:01:18] White is better.} 10. d5 cxd5 (10... Bg4 $16 {keeps fighting.} 11. f3 Bh5) 11. cxd5 $18 Bg4 12. f3 {[%emt 0:00:08] [#]} Bxf3 $146 (12... Bh5 {might work better.} 13. g4 g5 14. gxh5 (14. Bxg5 Qb6+ 15. Rf2 Bg6 $18) 14... gxh4) ({Predecessor:} 12... g5 13. Bxg5 Bh5 14. g4 Bg6 15. Nxg6 fxg6 16. Qc2 Ne5 17. Bxf6 Bxf6 18. g5 Bxg5 19. Bh3 Bf4 20. Be6+ {½-½ Heredia,V (1717)-Koncurat,E (1349) ARG-ch U12 sf 2016 (2.1)}) 13. Nxf3 Qb6+ 14. Kh1 Nc5 15. Qe2 Nfd7 16. Be3 Rac8 17. Na4 Qd8 18. Nxc5 Nxc5 19. Bd4 Bxd4 20. Nxd4 Nd7 21. Bh3 Rc5 22. Bxd7 Qxd7 23. Rf4 Qa4 {[%emt 0:01:07] White is clearly winning.} 24. Qe3 Qb4 25. Raf1 Qxb2 26. R4f2 Qc3 27. Qxc3 Rxc3 28. Ne6 fxe6 (28... f6 $142 29. Nxf8 Kxf8) 29. Rxf8+ Kg7 30. dxe6 {[%emt 0:00:03] Black did not feel at home in the position after the opening.   Weighted Error Value: White=0.05 (flawless) /Black=0.41} 1-0

[Event "Nakhchivan Open 2024"]
[Site "Nakhchivan"]
[Date "2024.01.10"]
[Round "1.5"]
[White "Asgarli, Nagi"]
[Black "Ahmadov, Fariz"]
[Result "0-1"]
[ECO "B07"]
[WhiteElo "1224"]
[BlackElo "2193"]
[Annotator "TA"]
[PlyCount "34"]
[EventDate "2024.01.11"]
[EventType "swiss"]
[EventCountry "AZE"]
[SourceTitle "playchess.com"]
[Source "ChessBase"]
[SourceQuality "1"]
[TimeControl "5400+30"]

1. e4 Nf6 2. Nc3 d6 3. d4 c6 4. h3 g6 5. Nf3 Bg7 6. Be2 O-O 7. O-O Qc7 8. Be3 e5 9. dxe5 dxe5 10. Qc1 b5 11. a3 Nh5 12. Bh6 Nf4 13. Bxg7 Kxg7 14. Qe3 Qe7 15. Rad1 Nd7 16. Na2 a5 17. Qc3 Nxe2+ 0-1

[Event "Nakhchivan Open 2024"]
[Site "Nakhchivan"]
[Date "2024.01.10"]
[Round "1.6"]
[White "Israilov, Agil"]
[Black "Sevdimali, Erjan"]
[Result "1-0"]
[ECO "B40"]
[WhiteElo "2114"]
[BlackElo "1211"]
[Annotator "TA"]
[PlyCount "49"]
[EventDate "2024.01.11"]
[EventType "swiss"]
[EventCountry "AZE"]
[SourceTitle "playchess.com"]
[Source "ChessBase"]
[SourceQuality "1"]
[TimeControl "5400+30"]

1. e4 c5 2. Nf3 e6 3. d4 cxd4 4. Nxd4 Nf6 5. Nc3 Bb4 6. Bd3 Nc6 7. Nxc6 bxc6 {[%emt 0:00:09] 7...bxc6 scores better than 7...dxc6.} 8. O-O (8. e5 $5 Nd5 9. Qg4 $14) 8... h6 $2 {[%emt 0:00:44] [#] B40: Sicilian: 2...e6, Unusual lines.} (8... e5 $11) 9. e5 $1 $18 Bxc3 (9... Nd5 $16 {is a better defense.}) 10. bxc3 Nd5 {[%emt 0:00:07] White is clearly better.} 11. Qg4 g5 {[%emt 0:20:13] [#]} 12. f4 $146 ({Predecessor:} 12. c4 Nf4 13. Bxf4 gxf4 14. Qg7 Rf8 15. Qxh6 f3 16. g3 Ba6 17. Qf4 Qa5 18. Rfe1 {1-0 Nagy,K (2086)-Nemeth,J (2068) HUN-chT2 Szechenyi 1415 2014 (6.4)}) 12... Qb6+ 13. Kh1 Ne3 (13... Ba6 {might work better.} 14. fxg5 Bxd3 15. cxd3 hxg5) 14. Bxe3 Qxe3 15. Rae1 Qc5 16. fxg5 Rg8 {[%emt 0:00:36] Black is weak on the light squares} (16... hxg5 17. Rxf7 Ba6 18. Qxg5 Bxd3 19. cxd3 Kxf7 20. Qf6+ Ke8 21. Qxh8+ Qf8 22. Qxf8+ Kxf8) 17. Qh5 {[%emt 0:01:07] White is clearly winning.} Qe7 (17... Rxg5 $142 18. Qxh6 (18. Qxf7+ Kd8 $18) 18... Qe7 19. Rxf7 Qxf7) 18. gxh6 {[%emt 0:00:10] [#] Hoping for h7.} Qg5 19. Qxf7+ Kd8 20. Qf6+ Kc7 21. Qxg5 Rxg5 22. Rf8 Bb7 23. Rxa8 {[%emt 0:00:06] Black must now prevent h7.} Bxa8 24. h7 Rh5 25. Rf1 {[%emt 0:00:04] Black got outplayed after the opening.   Weighted Error Value: White=0.09 (flawless) /Black=0.89} 1-0

[Event "Nakhchivan Open 2024"]
[Site "Nakhchivan"]
[Date "2024.01.11"]
[Round "2.1"]
[White "Gasimov, Parviz"]
[Black "Ganbarli, Huseyn"]
[Result "1-0"]
[ECO "C65"]
[WhiteElo "2362"]
[BlackElo "1582"]
[Annotator "RC"]
[PlyCount "57"]
[EventDate "2024.01.11"]
[EventType "swiss"]
[EventCountry "AZE"]
[SourceTitle "playchess.com"]
[Source "ChessBase"]
[SourceQuality "1"]
[TimeControl "5400+30"]

1. e4 e5 2. Nf3 Nc6 3. Bb5 Nf6 4. d3 a6 5. Bxc6 dxc6 6. Nxe5 Bd6 7. Nf3 O-O 8. h3 h6 9. O-O Re8 10. Re1 Bc5 11. Nc3 Be6 12. Be3 Bxe3 13. Rxe3 Qc8 14. Qd2 b5 15. Rae1 a5 16. Nd4 a4 17. a3 Qb7 18. e5 Nd5 19. Rg3 Kh7 20. Ne4 Rad8 21. Nc5 Qb6 22. Ndxe6 fxe6 23. d4 b4 24. Qd3+ Kh8 25. Qg6 Re7 26. Nxe6 Rg8 27. Ng5 Nf6 28. exf6 Rxe1+ 29. Kh2 1-0

[Event "Nakhchivan Open 2024"]
[Site "Nakhchivan"]
[Date "2024.01.11"]
[Round "2.2"]
[White "Mustafayev, Sabuhi"]
[Black "Hasanzade, Toghrul"]
[Result "0-1"]
[ECO "A16"]
[WhiteElo "1599"]
[BlackElo "2329"]
[Annotator "RC"]
[PlyCount "54"]
[EventDate "2024.01.11"]
[EventType "swiss"]
[EventCountry "AZE"]
[SourceTitle "playchess.com"]
[Source "ChessBase"]
[SourceQuality "1"]
[TimeControl "5400+30"]

1. c4 Nf6 2. Nc3 d5 3. cxd5 Nxd5 4. g3 g6 5. Bg2 Nxc3 6. bxc3 Bg7 7. Rb1 Nc6 8. Qa4 O-O 9. Bxc6 bxc6 10. Qxc6 Be6 11. Qa4 Qd5 12. Nf3 Bh3 13. c4 Qh5 14. Qb5 e5 15. Ba3 Rfe8 16. Rg1 Bg4 17. h4 Bxf3 18. exf3 Qxf3 19. Rb3 Qg4 20. Qb7 Qxc4 21. Qb5 Qc2 22. Ke2 Red8 23. Rd3 e4 24. Rd7 Rxd7 25. Qxd7 Qc4+ 26. Ke3 Qxa2 27. Bb4 Qb3+ 0-1

[Event "Nakhchivan Open 2024"]
[Site "Nakhchivan"]
[Date "2024.01.11"]
[Round "2.3"]
[White "Kul, Ozdemir Efe"]
[Black "Khalilov, Yunis"]
[Result "1-0"]
[ECO "A10"]
[WhiteElo "2223"]
[BlackElo "1562"]
[Annotator "TA"]
[PlyCount "37"]
[EventDate "2024.01.11"]
[EventType "swiss"]
[EventCountry "AZE"]
[SourceTitle "playchess.com"]
[Source "ChessBase"]
[SourceQuality "1"]
[TimeControl "5400+30"]

1. c4 f5 2. Nf3 Nf6 3. g3 e6 4. Bg2 d5 5. O-O Bd6 6. Nc3 c6 7. d3 O-O {[%emt 0:02:13] [#]} 8. e4 $1 fxe4 (8... dxe4 9. dxe4) 9. dxe4 Bb4 10. exd5 exd5 {[%emt 0:03:24] White is better.} 11. cxd5 Bxc3 12. bxc3 Nxd5 (12... cxd5 $16 13. Qd3 Nc6) 13. Ba3 Re8 14. Qb3 {[%emt 0:08:02] Hoping for Rad1.} Qb6 (14... Nd7 {is a better defense.} 15. Rfe1 a5 16. Rxe8+ Qxe8) 15. Rfe1 Be6 16. Qc2 Nf6 $2 (16... Qd8 17. c4 Nb6) 17. Ng5 $18 {[%emt 0:02:50] White is clearly winning.} Bf7 18. Nxf7 {[%emt 0:03:17] [#] Threatening mate with Rxe8+.} Kxf7 19. Rxe8 {[%emt 0:00:51] Black got outplayed after the opening.   Weighted Error Value: White=0.07 (flawless) /Black=0.75.  Mistake:       	---       	Black=3      Inaccurate:     	---       	Black=2      OK:         	White=2     	Black=2      Best:        	White=1     	---} 1-0

[Event "Nakhchivan Open 2024"]
[Site "Nakhchivan"]
[Date "2024.01.11"]
[Round "2.4"]
[White "Ahmadov, Fariz"]
[Black "Kazimov, Anvar"]
[Result "1-0"]
[ECO "B20"]
[WhiteElo "2193"]
[BlackElo "1434"]
[Annotator "TA"]
[PlyCount "63"]
[EventDate "2024.01.11"]
[EventType "swiss"]
[EventCountry "AZE"]
[SourceTitle "playchess.com"]
[Source "ChessBase"]
[SourceQuality "1"]
[TimeControl "5400+30"]

1. e4 c5 2. b3 Nc6 3. Bb2 d6 4. Nf3 Nf6 5. Nc3 a6 6. d4 cxd4 7. Nxd4 e5 8. Nxc6 {[%emt 0:00:28] Weiß steht etwas besser.} bxc6 9. Be2 Be7 10. O-O O-O 11. Bd3 Be6 12. Ne2 Nh5 {[%emt 0:03:14] [#]} (12... Qc7 $11) 13. Nd4 $1 $14 exd4 14. Qxh5 Bf6 15. f4 g6 16. Qe2 Bg7 17. f5 (17. Bxa6 $2 d3 18. cxd3 Bxb2 (18... Rxa6 $2 19. f5 $19) 19. Qxb2 Rxa6 $19) 17... Bc8 18. Rf3 {[%emt 0:00:52] Weiß steht aktiver.} (18. Qf2 {vereinfacht} Qf6 19. Bc1 h6 20. fxg6 Qxf2+ 21. Rxf2 fxg6 22. Bc4+) 18... Re8 19. Qf2 Qf6 $2 {[%emt 0:02:23][%mdl 8192] Danach kann Schwarz die Partie nicht mehr halten.} (19... c5 $16) 20. fxg6 $18 Qxg6 21. Rg3 Qh6 22. Rf1 Kh8 23. Rxg7 Qxg7 24. Bxd4 (24. Qxf7 Qxf7 25. Rxf7 c5 $11) 24... Re5 25. Qxf7 Qxf7 26. Rxf7 (26. Bxe5+ Kg8 27. Rxf7 (27. Bxd6 $2 Qa7+ 28. Kh1 Be6 $19) 27... Kxf7 28. Bxd6 h5 $16) 26... Kg8 27. Rc7 Rg5 28. Bf6 ({Bloß nicht} 28. Rxc6 Rg6 29. a4 Bg4 $18) 28... Rg4 (28... Rg6) 29. Bc4+ {[%emt 0:00:27] Ein starkes Läuferpaar. Weiß steht klar auf Gewinn.} Kf8 30. Rxh7 {[%emt 0:00:19] [#] Beabsichtigt Rh8+ und Matt.} ({Nicht} 30. Rxc6 Bb7 31. Rxd6 Bxe4 $16) 30... Ke8 31. Bf7+ Kf8 32. Bh5 {[%emt 0:00:27] Gewichteter Fehlerwert: Weiß=0.38/Schwarz=0.61.  Verlustzug:     	---       	Schwarz=1     Fehler:       	---       	Schwarz=2     Ungenau:       	Weiß=2     	Schwarz=5     OK:         	Weiß=8     	Schwarz=7     Bester:       	Weiß=2     	Schwarz=3} 1-0

[Event "Nakhchivan Open 2024"]
[Site "Nakhchivan"]
[Date "2024.01.11"]
[Round "2.5"]
[White "Huseynli, Elvin"]
[Black "Mamedjarova, Zeinab"]
[Result "0-1"]
[ECO "D02"]
[WhiteElo "1495"]
[BlackElo "2173"]
[Annotator "RC"]
[PlyCount "86"]
[EventDate "2024.01.11"]
[EventType "swiss"]
[EventCountry "AZE"]
[SourceTitle "playchess.com"]
[Source "ChessBase"]
[SourceQuality "1"]
[TimeControl "5400+30"]

1. d4 d5 2. Nf3 e6 3. Bf4 Nf6 4. Nbd2 Be7 5. e3 O-O 6. Bd3 c5 7. c3 Nbd7 8. h3 c4 9. Bc2 b5 10. a3 a5 11. e4 dxe4 12. Nxe4 Bb7 13. Qe2 Nxe4 14. Bxe4 Bxe4 15. Qxe4 Nf6 16. Qe2 Nd5 17. Bd2 Qc7 18. O-O h6 19. Rac1 Rfc8 20. Ne5 Bd6 21. Qg4 Bxe5 22. dxe5 Qxe5 23. Bxh6 f5 24. Qg6 Qf6 25. Qxf6 gxf6 26. Rfe1 Kf7 27. Be3 f4 28. Bd2 Rg8 29. Re4 e5 30. Rd1 Rad8 31. Kf1 Nb6 32. Ree1 Na4 33. Bc1 Nc5 34. h4 Nd3 35. Re2 Rg4 36. g3 fxg3 37. fxg3 Rxg3 38. Rh2 Rdg8 39. h5 Rg1+ 40. Ke2 Nxc1+ 41. Kd2 Rd8+ 42. Kc2 Rgxd1 43. h6 Nb3 0-1

[Event "Nakhchivan Open 2024"]
[Site "Nakhchivan"]
[Date "2024.01.11"]
[Round "2.6"]
[White "Sevdimaliyev, Adil"]
[Black "Israilov, Agil"]
[Result "0-1"]
[ECO "B83"]
[WhiteElo "1410"]
[BlackElo "2114"]
[Annotator "TA RC"]
[PlyCount "121"]
[EventDate "2024.01.11"]
[EventType "swiss"]
[EventCountry "AZE"]
[SourceTitle "playchess.com"]
[Source "ChessBase"]
[SourceQuality "1"]
[TimeControl "5400+30"]

1. e4 c5 2. Nf3 e6 3. d4 cxd4 4. Nxd4 Nf6 5. Nc3 Nc6 6. Be2 d6 7. O-O Be7 8. Kh1 O-O 9. f4 a6 10. a4 Qc7 11. Bf3 Bd7 12. Be3 Rac8 13. Qe1 Na5 14. Be2 Nc4 15. Bc1 {[%emt 0:03:36] The position is equal.} Qb6 16. Nf3 Ng4 (16... Nxb2 17. Rb1 $16) 17. Bxc4 Rxc4 18. h3 Nf6 19. e5 dxe5 20. Nxe5 Rc7 21. a5 Qa7 22. Rf3 Bc6 23. Rd3 Nd5 24. Nxc6 (24. Qg3 {with more complications.} Nb4 25. Be3 Bc5 26. Bxc5 Qxc5 27. Rd2) 24... bxc6 25. Nxd5 cxd5 26. c3 Qb7 27. Qe2 Rfc8 28. Qf3 (28. Be3 $11 {keeps the balance.}) 28... Rc4 $17 29. f5 Re4 $36 {[%emt 0:00:11][%mdl 2048] White is under strong pressure. Black is more active.} 30. Rd1 {[%emt 0:08:43] Inhibits Re1+.} Bf6 (30... Rc6 $17 31. Be3 exf5 (31... Qxb2 32. Rab1 $14)) 31. g4 $2 {[%emt 0:02:27] This costs White the game.} (31. fxe6 $15 fxe6 32. Qd3) 31... d4 {[%emt 0:02:15][%cal Oe4e1] [#] Hoping for ...Re1+!} 32. Rf1 exf5 (32... dxc3 33. Ra4 exf5 (33... cxb2 34. Bxb2 exf5 35. Bxf6 $15) 34. gxf5) 33. gxf5 dxc3 34. Ra4 Re7 ({Not} 34... cxb2 35. Bxb2 Qxb2 36. Rxe4 $17) ({But not} 34... Bd4 $2 35. Rxd4 cxb2 36. Bxb2 $18 (36. Qxe4 $2 Qxe4+ 37. Rxe4 b1=Q $19)) 35. Qxb7 Rxb7 36. bxc3 Rxc3 37. Re4 {[%emt 0:00:37][%cal Re4e8] [#]} h6 (37... Rxh3+ $2 {too greedy.} 38. Kg2 h6 39. Kxh3 $18) 38. Re3 Rc5 39. Bd2 Rb2 40. Be1 Rc1 41. Ref3 $2 (41. Re4) 41... Rbb1 $19 42. Re3 Bh4 43. Bxh4 {[%emt 0:00:36] Threatens to win with Re8+.} Rxf1+ {[%emt 0:00:05][%mdl 4096] Endgame. KRR-KRB} 44. Kg2 Rxf5 45. Bd8 Ra1 46. Bb6 Rfxa5 47. Bxa5 Rxa5 {[%emt 0:00:07] KR-KR} 48. Re8+ Kh7 49. Re7 Kg6 50. Ra7 Ra3 51. Ra8 a5 52. Kh2 a4 53. Ra5 Ra1 54. Kg2 a3 {[%emt 0:00:05] aiming for ...a2.} 55. Kh2 a2 {[%emt 0:00:04] Black mates.} 56. Kg2 f5 57. Ra7 f4 58. Kh2 f3 59. h4 f2 60. Ra6+ Kh7 61. Kg2 {Weighted Error Value: White=0.51/Black=0.07 (flawless) .  Loses game:     	White=1     	---        Mistake:       	White=2     	Black=1      Inaccurate:     	White=4     	Black=2      OK:         	White=10    	Black=11     Best:        	White=1     	Black=2} 0-1

[Event "Nakhchivan Open 2024"]
[Site "Nakhchivan"]
[Date "2024.01.11"]
[Round "3.1"]
[White "Babayeva, Nasrin"]
[Black "Gasimov, Parviz"]
[Result "0-1"]
[ECO "A37"]
[WhiteElo "1806"]
[BlackElo "2362"]
[Annotator "RC"]
[PlyCount "110"]
[EventDate "2024.01.11"]
[EventType "swiss"]
[EventCountry "AZE"]
[SourceTitle "playchess.com"]
[Source "ChessBase"]
[SourceQuality "1"]
[TimeControl "5400+30"]

1. c4 c5 2. g3 Nc6 3. Bg2 g6 4. Nc3 Bg7 5. Nf3 e5 6. d3 d6 7. O-O Nge7 8. a3 O-O 9. Rb1 a5 10. Ne1 Be6 11. Nc2 d5 12. cxd5 Nxd5 13. Ne3 Nde7 14. Ne4 b6 15. Bd2 a4 16. Nc4 Rb8 17. Bg5 f6 18. Be3 Bd5 19. Nc3 Bxg2 20. Kxg2 b5 21. Nd2 Nd4 22. b3 axb3 23. Nxb3 Nd5 24. Nxd5 Qxd5+ 25. Kg1 Rfc8 26. Nxd4 cxd4 27. Bd2 Qa2 28. Bb4 Bh6 29. Qb3+ Qxb3 30. Rxb3 Rc2 31. Re1 Rbc8 32. Ba5 Bf8 33. Bb4 Bh6 34. Ba5 Ra2 35. Rxb5 Rxa3 36. Reb1 Ra2 37. Rb8 Rxb8 38. Rxb8+ Kf7 39. Rb7+ Ke6 40. Rxh7 Bf8 41. Bd8 Rxe2 42. Ra7 f5 43. Bg5 e4 44. Ra6+ Kf7 45. Ra7+ Ke6 46. Ra6+ Kd5 47. Rxg6 exd3 48. h4 d2 49. Bxd2 Rxd2 50. Rf6 Bc5 51. Rxf5+ Kc4 52. h5 Re2 53. h6 d3 54. h7 Bd4 55. Kf1 Re8 0-1

[Event "Nakhchivan Open 2024"]
[Site "Nakhchivan"]
[Date "2024.01.11"]
[Round "3.2"]
[White "Hasanzade, Toghrul"]
[Black "Gulumov, Muthat"]
[Result "1-0"]
[ECO "B40"]
[WhiteElo "2329"]
[BlackElo "1843"]
[Annotator "RC"]
[PlyCount "123"]
[EventDate "2024.01.11"]
[EventType "swiss"]
[EventCountry "AZE"]
[SourceTitle "playchess.com"]
[Source "ChessBase"]
[SourceQuality "1"]
[TimeControl "5400+30"]

1. e4 c5 2. Nf3 e6 3. c3 d5 4. exd5 exd5 5. d4 Nc6 6. Bb5 Bd6 7. dxc5 Bxc5 8. O-O Nge7 9. Nbd2 O-O 10. Nb3 Bb6 11. h3 Qd6 12. Bd3 Ng6 13. Nbd4 Nxd4 14. Nxd4 Ne5 15. Bf4 Bc7 16. Nb5 Nf3+ 17. Qxf3 Qxf4 18. Nxc7 Qxc7 19. Qxd5 Be6 20. Qf3 Rad8 21. Rfd1 Rd6 22. b3 Rfd8 23. c4 b6 24. Bc2 Rxd1+ 25. Rxd1 Rxd1+ 26. Qxd1 g6 27. Be4 Qe5 28. Bf3 Qb2 29. Qe2 Qa1+ 30. Kh2 Kg7 31. Qd2 Qe5+ 32. g3 Qa1 33. Kg2 h5 34. Bd5 Qe5 35. Bxe6 Qe4+ 36. Kg1 Qxe6 37. Qd4+ Qf6 38. Qxf6+ Kxf6 39. Kf1 Ke5 40. Ke2 Kd4 41. Kd2 g5 42. Kc2 g4 43. h4 Ke4 44. Kc3 Kf3 45. b4 Kxf2 46. c5 bxc5 47. bxc5 Kxg3 48. c6 Kh2 49. c7 g3 50. c8=Q g2 51. Qc7+ Kh1 52. Qc6 Kh2 53. Qd6+ Kh1 54. Qd5 Kh2 55. Qe5+ Kh1 56. Qe4 Kh2 57. Qf4+ Kh1 58. Qf3 Kh2 59. Qf2 Kh1 60. Qxa7 f5 61. Qb7 f4 62. Qf3 1-0

[Event "Nakhchivan Open 2024"]
[Site "Nakhchivan"]
[Date "2024.01.11"]
[Round "3.3"]
[White "Katanov, Hatam"]
[Black "Kul, Ozdemir Efe"]
[Result "0-1"]
[ECO "E63"]
[WhiteElo "1661"]
[BlackElo "2223"]
[Annotator "TA"]
[PlyCount "46"]
[EventDate "2024.01.11"]
[EventType "swiss"]
[EventCountry "AZE"]
[SourceTitle "playchess.com"]
[Source "ChessBase"]
[SourceQuality "1"]
[TimeControl "5400+30"]

1. d4 Nf6 2. c4 g6 3. Nc3 Bg7 4. g3 d6 5. Bg2 O-O 6. Nf3 Nc6 7. O-O a6 8. e4 Bg4 9. h3 Bxf3 10. Bxf3 Nd7 11. Be3 e5 12. d5 Nd4 13. Bg2 c5 14. dxc6 bxc6 15. Qd2 Rb8 16. Rab1 {[%emt 0:05:43] Die Stellung ist ausgeglichen.} Qa5 17. Rfd1 Qb4 18. b3 $2 {[%emt 0:04:02][%mdl 8192] [#]} (18. Ne2 $11) 18... Qxc3 $3 $19 19. Bxd4 (19. Rb2 Qxd2) 19... Qxd2 {[%emt 0:00:12] Schwarz steht klar auf Gewinn.} ({Finger weg von} 19... Qxd4 20. Qe1 Qa7 21. Rxd6 $19) 20. Rxd2 exd4 21. e5 Nxe5 22. f4 (22. Rxd4 $142 Nf3+ 23. Bxf3 Bxd4 24. Bxc6) 22... Nxc4 23. Rc2 Na3 {[%emt 0:00:07][%csl LRb1,LRc2] Schwarz nahm nach der Eröffnung die Zügel in die Hand.   Gewichteter Fehlerwert: Weiß=1.12/Schwarz=0.06 (makellos) .  Verlustzug:     	Weiß=1     	---        Fehler:       	Weiß=1     	---        Ungenau:       	Weiß=1     	---        OK:         	---       	Schwarz=3     Brilliant:      	---       	Schwarz=1} 0-1

[Event "Nakhchivan Open 2024"]
[Site "Nakhchivan"]
[Date "2024.01.11"]
[Round "3.4"]
[White "Hasanli, Rza"]
[Black "Ahmadov, Fariz"]
[Result "0-1"]
[ECO "A41"]
[WhiteElo "1622"]
[BlackElo "2193"]
[Annotator "RC"]
[PlyCount "112"]
[EventDate "2024.01.11"]
[EventType "swiss"]
[EventCountry "AZE"]
[SourceTitle "playchess.com"]
[Source "ChessBase"]
[SourceQuality "1"]
[TimeControl "5400+30"]

1. d4 d6 2. Nf3 Nf6 3. c4 c6 4. Nc3 Qc7 5. e4 e5 6. Be2 Be7 7. Be3 O-O 8. O-O Re8 9. d5 c5 10. Nd2 a6 11. a3 Nbd7 12. b4 b6 13. Qc2 Nf8 14. bxc5 bxc5 15. f3 Nh5 16. Rfb1 Nf4 17. Bf1 Bg5 18. Bf2 N8g6 19. Na4 Qa5 20. Ra2 Nh5 21. Be1 Be3+ 22. Kh1 Qd8 23. Nb6 Rb8 24. Nxc8 Rxc8 25. Qa4 Qg5 26. Qd7 Bd4 27. Nb3 Nf6 28. Qf5 Qxf5 29. exf5 Ne7 30. Bd3 Rb8 31. Nxd4 Rxb1 32. Bxb1 exd4 33. Bg3 Rb8 34. Bc2 Rb6 35. Ra1 Nd7 36. Re1 Kf8 37. Rb1 Rxb1+ 38. Bxb1 Nc8 39. Bc2 Ke7 40. Kg1 g6 41. fxg6 hxg6 42. Kf2 f5 43. Bh4+ Kf7 44. f4 Ncb6 45. Bb3 Nf6 46. Bxf6 Kxf6 47. Kf3 Kg7 48. h3 Nd7 49. g4 fxg4+ 50. hxg4 g5 51. f5 Ne5+ 52. Kg3 Kf6 53. Ba2 a5 54. a4 d3 55. Bb3 d2 56. Kh3 Nxc4 0-1

[Event "Nakhchivan Open 2024"]
[Site "Nakhchivan"]
[Date "2024.01.11"]
[Round "3.5"]
[White "Mamedjarova, Zeinab"]
[Black "Seyidli, Mirsaleh"]
[Result "1-0"]
[ECO "A45"]
[WhiteElo "2173"]
[BlackElo "1775"]
[Annotator "RC"]
[PlyCount "121"]
[EventDate "2024.01.11"]
[EventType "swiss"]
[EventCountry "AZE"]
[SourceTitle "playchess.com"]
[Source "ChessBase"]
[SourceQuality "1"]
[TimeControl "5400+30"]

1. d4 Nf6 2. g3 d6 3. Bg2 Nbd7 4. Nf3 g6 5. O-O Bg7 6. Re1 O-O 7. c3 e5 8. e4 c6 9. Nbd2 Qc7 10. a4 Rd8 11. a5 exd4 12. Nxd4 Ne5 13. Qe2 c5 14. Nb5 Qe7 15. f4 Nc6 16. a6 Ne8 17. Nc4 Nc7 18. Ne3 bxa6 19. Nxc7 Qxc7 20. Nd5 Qb8 21. e5 dxe5 22. fxe5 Re8 23. Bf4 Nxe5 24. Nc7 Qxc7 25. Bxa8 Qb6 26. Bg2 c4+ 27. Kh1 Bg4 28. Qxc4 Be6 29. Qxa6 Qxa6 30. Rxa6 Nd3 31. Re2 Bf8 32. Bd6 Nc5 33. Rc6 Rd8 34. Bxc5 Bxc5 35. Re1 Bb6 36. c4 Rd2 37. c5 Ba5 38. Ra6 Bb4 39. c6 Rc2 40. Rb1 Bc5 41. b4 Bb6 42. Raa1 Be3 43. Re1 Bg5 44. h4 Be7 45. b5 Bd6 46. Rac1 Rxc1 47. Rxc1 Bc7 48. Kh2 Kf8 49. Ra1 Bb6 50. Bh3 f5 51. Rc1 Bc7 52. Ra1 Bb6 53. Bf1 Ke7 54. Rc1 Kd6 55. Bc4 Bxc4 56. Rxc4 Kc7 57. Rc1 h6 58. Rd1 g5 59. Rd7+ Kc8 60. h5 Bc7 61. Rh7 1-0